 Dungeon Crawl Stone Soup version 0.23.1 (webtiles) character file.

Game seed: 15646105498039703700

50 Fang the Skirmisher (level 3, -1/36 HPs)
             Began as a Gargoyle Berserker on Mar 15, 2019.
             Was a Believer of Trog.
             Slain by Robin
             ... wielding a +3 trident of venom
              (2 damage)
             ... on level 3 of the Dungeon.
             The game lasted 00:00:45 (795 turns).

Fang the Skirmisher (Gargoyle Berserker)             Turns: 795, Time: 00:00:45

Health: -1/36      AC:  5    Str: 26    XL:     3   Next: 79%
Magic:  3/3        EV: 12    Int:  7    God:    Trog [**....]
Gold:   71         SH:  0    Dex:  9    Spells: 2/2 levels left

rFire    . . .     SeeInvis .   a - +0 hand axe
rCold    . . .     Gourm    .   (no shield)
rNeg     + . .     Faith    .   b - +0 animal skin
rPois    ∞         Spirit   .   (no helmet)
rElec    +         Reflect  .   (no cloak)
rCorr    .         Harm     .   (no gloves)
MR       .....                  (no boots)
Stlth    ..........             (no amulet)
HPRegen  0.12/turn              (no ring)
MPRegen  0.08/turn              (no ring)

@: berserking (expiring), very quick
A: negative energy resistance 1, electricity resistance, unbreathing,
petrification resistance, rot immunity, AC +3
a: Berserk, Trog's Hand, Renounce Religion


You were on level 3 of the Dungeon.
You worshipped Trog.
Trog was pleased with you.
You were hungry.

You visited 1 branch of the dungeon, and saw 3 of its levels.

You collected 71 gold pieces.

Inventory:

Hand Weapons
 a - a +0 hand axe (weapon)
Armour
 b - a +0 animal skin (worn)
Scrolls
 f - a scroll of fear {unknown}
 g - a scroll of enchant armour {unknown}
 i - a scroll of identify {unknown}
 k - a scroll of amnesia {unknown}
Potions
 d - a potion of haste {unknown}
 e - a potion of curing {unknown}
 h - 2 potions of heal wounds {unknown}
Comestibles
 c - 3 rations
 j - a chunk of flesh


   Skills:
 + Level 3.8 Fighting
 + Level 3.1 Axes
 + Level 2.8 Armour
 + Level 2.1 Dodging


You had 2 spell levels left.
You didn't know any spells.
Your spell library was empty.

Dungeon Overview and Level Annotations

Branches:
Dungeon (2/15)

Altars:

Annotations:
D:3 Grinder, Robin


Innate Abilities, Weirdness & Mutations

You are resistant to torment.
Your stone body is resilient. (AC +3)
You are immune to poison.
You resist negative energy. (rN+)
You are resistant to electric shocks. (rElec)
You can survive without breathing.
You are immune to petrification.
You are immune to rotting.


Message History

The adder bites you but does no damage.
The goblin shouts!
You hit the adder.
The adder is severely wounded.
Robin barely misses you. The adder barely misses you.
You miss the adder.
The adder is severely wounded.
You slash the goblin!
You kill the goblin!
Trog accepts your kill. The adder barely misses you.
Robin hits you from afar with a +3 trident of venom.
* * * LOW HITPOINT WARNING * * *
Unknown command.
You slash the adder!
You kill the adder!
Trog accepts your kill.
Grinder says, "There's only one good use for a tongue: cutting it out."
Robin hits you from afar with a +3 trident of venom.
You die...

##..###
#.....###
#...#.#.##
#(.......#
#..##.#.##
## #...<.#.#
.###
##.####.#
... ### #.#
#.###.#.....
#.#
#...@.......
#.#
#..)).......
#.#
#.###g##...#
#.# #.# g#
..# #.# #.#
gg . #.. ...
5.# ### ...
... ##. ####


You could see Grinder, Robin, a hobgoblin and 2 goblins.

Vanquished Creatures
  An adder (D:3)
  An ooze (D:3)
  2 dart slugs (D:1)
  A leopard gecko (D:1)
  4 bats (D:1)
  2 giant cockroaches
  9 goblins
  4 hobgoblins
  2 kobolds (D:1)
  2 rats (D:1)
28 creatures vanquished.

Notes
Turn   | Place    | Note
-------+----------+-------------------------------------------
     0 | D:1      | Fang the Gargoyle Berserker began the quest for the Orb.
     0 | D:1      | Reached XP level 1. HP: 14/14 MP: 1/1
    62 | D:1      | Reached XP level 2. HP: 15/19 MP: 2/2
   742 | D:2      | Reached XP level 3. HP: 23/23 MP: 3/3
   756 | D:2      | You fall through a shaft!
   779 | D:3      | Noticed Robin
   788 | D:3      | Noticed Grinder
   790 | D:3      | Reached ** piety under Trog
   793 | D:3      | HP: 1/36 [Robin/+3 trident of venom (6)]
   795 | D:3      | Slain by Robin

Skill      XL: |  1  2  3 |
---------------+----------+-----
Axes           | 3 |  3.1
Dodging        | 2 |  2.1
Fighting       | |  3.8
Armour         | |  2.8

Action                   || total
-------------------------++-------
Melee: Hand axe          ||    83
Invok: Berserk           ||     1
Armor: Animal skin       ||    42
Dodge: Dodged            ||    68
